 Dungeon Crawl Stone Soup version 0.29.0-7-g18a832c13a (webtiles) character file.

Game seed: 13798687867526711173

29478 robertstho the Tortoise (level 13, -16/130 HPs)
             Began as a Tengu Berserker on Aug 31, 2022.
             Was an Elder of Trog.
             Demolished by a minotaur
             ... wielding the +4 mace "Ciotad" {freeze, *Rage rElec rF+ Will+}
              (43 damage)
             ... in a Gauntlet.
             The game lasted 00:25:00 (15501 turns).

robertstho the Tortoise (Tengu Berserker)          Turns: 15501, Time: 00:25:00

Health: -16/130    AC: 31    Str: 23      XL:     13   Next: 45%
Magic:  14/14      EV: 12    Int:  7 (8)  God:    Trog [****..]
Gold:   691        SH:  5    Dex: 29      Spells: 12/12 levels left

rFire   + + .      SeeInvis +   B - +2 spear (vamp)
rCold   . . .      Faith    .   N - +0 buckler
rNeg    . . .      Spirit   .   w - +6 plate armour of Inference {rF+ Str-3 Dex+6}
rPois   +          Reflect  .   M - +2 hat
rElec   .          Harm     .   G - +2 cloak
rCorr   .          Rampage  .   T - +1 pair of gloves of the Fisher {Dex+9}
Will    .....      NoTele   +   (boots unavailable)
Stlth   ..........              Q - amulet "Teumoxt" {RegenMP rPois Str+4}
HPRegen 0.31/turn               J - ring of see invisible
MPRegen 0.54/turn               g - ring of protection from fire

@: berserking, flying quickly and evasively, very quick
A: beak, talons 3, nimble flight
a: Renounce Religion, Berserk, Trog's Hand, Brothers in Arms


You were in a Gauntlet.
You worshipped Trog.
Trog was greatly pleased with you.
You visited 2 branches of the dungeon, and saw 13 of its levels.
You also visited: Gauntlet.

You collected 833 gold pieces.
You spent 142 gold pieces at shops.

Inventory:

Hand Weapons
 a - a +0 spear
 l - a +0 trident
 B - a +2 vampiric spear (weapon)
 E - a +2 spear of flaming
Armour
 w - the +6 plate armour of Inference (worn) {rF+ Str-3 Dex+6}
   (You found it on level 3 of the Dungeon)

   Str:       It affects your strength (-3).
   Dex:       It affects your dexterity (+6).
   rF:        It protects you from fire.
 G - a +2 cloak (worn)
 I - a +2 ring mail of cold resistance
 K - +0 swamp dragon scales
 M - a +2 hat (worn)
 N - a +0 buckler (worn)
 T - the +1 pair of gloves of the Fisher (worn) {Dex+9}
   (You found it in a Gauntlet)

   Dex:       It affects your dexterity (+9).
Jewellery
 g - a ring of protection from fire (right hand)
 i - an amulet of guardian spirit
 q - a ring of willpower
 J - a ring of see invisible (left hand)
 O - a ring of fire
 Q - the amulet "Teumoxt" (around neck) {RegenMP rPois Str+4}
   (You found it in a Gauntlet)

   [amulet of magic regeneration]

   It increases your rate of magic regeneration.
   Str:       It affects your strength (+4).
   rPois:     It protects you from poison.
 S - a ring of resist corrosion
Wands
 x - a wand of polymorph (3)
 z - a wand of flame (24)
 A - a wand of mindburst (18)
 C - a wand of charming (3)
 D - a wand of digging (4)
Scrolls
 b - 3 scrolls of immolation
 d - 2 scrolls of fear
 f - 3 scrolls of teleportation
 j - 3 scrolls of fog
 k - 3 scrolls of enchant armour
 r - 2 scrolls of poison
 t - 2 scrolls of enchant weapon
 y - 2 scrolls of summoning
 F - 2 scrolls of blinking
 R - a scroll of brand weapon {unknown}
Potions
 c - 6 potions of attraction {unknown}
 e - a potion of mutation {unknown}
 h - a potion of berserk rage {unknown}
 m - 3 potions of magic {unknown}
 n - 2 potions of cancellation {unknown}
 o - 2 potions of haste {unknown}
 p - 3 potions of degeneration {unknown}
 s - 2 potions of resistance
 u - 7 potions of curing
 v - 2 potions of heal wounds
 H - 12 potions of ambrosia
 L - a potion of invisibility
 P - a potion of lignification {unknown}


   Skills:
 * Level 12.6 Fighting
 + Level 13.4 Polearms
 * Level 15.3 Armour
 + Level 4.4 Dodging
 + Level 2.1 Stealth
 + Level 0.1 Shields
 + Level 2.6 Unarmed Combat


You had 12 spell levels left.
You didn't know any spells.
Your spell library was empty.

Dungeon Overview and Level Annotations

Branches:
Dungeon (11/15)            Temple (0/1) D:4            Lair (2/5) D:9
 Shoals (0/4) Lair:2       Spider (0/4) Lair:2          Orc (0/2) D:11
Gauntlet (1/1)

Altars:
Dithmenos
Elyvilon
Gozag
Kikubaaqudgha
Okawaru
Ru
Sif Muna
Vehumet
Zin

Shops:
D:11 *(

Annotations:
D:9 2 transporters, LynnLen's ghost, novice SpCj Gauntlet 8 transporters, 2 runed translucent doors, exclusions: ice statue and orange crystal statue


Innate Abilities, Weirdness & Mutations

You have a beak for a mouth.
You have claws for feet.
Your magical nature lets you fly swiftly and evasively.


Message History

You start waiting.
You feel yourself speed up.
You start waiting.
You recover from your berserk rage.
You enter the transporter and appear at another place.
As you open the door, it creaks loudly!
A minotaur comes into view.
It is wielding the +4 mace "Ciotad" {freeze, *Rage rElec rF+ Will+} and wearing a +3 chain mail of fire resistance.
The minotaur bellows!
The minotaur throws a javelin.
The javelin barely misses you.
Found a glowing scimitar.
Found a gate leading back out of this place.
Your ogre goes berserk!
Trog will no longer gift you weapons.
Your ogre barely misses the minotaur.
The minotaur throws a javelin.
The javelin pierces through your ogre! The javelin pierces through you!
Unknown command.
Your ogre hits the minotaur with a +0 giant spiked club.
The minotaur hits your ogre with the +4 mace "Ciotad" {freeze, *Rage rElec rF+ Will+}!
The minotaur freezes your ogre. The minotaur gores your ogre!
Your ogre dies!
Your ogre's corpse disappears in a puff of smoke!
The minotaur hits you with the +4 mace "Ciotad" {freeze, *Rage rElec rF+ Will+}!
The minotaur freezes you.
The minotaur goes berserk!
The minotaur gores you but does no damage.
A red film seems to cover your vision as you go berserk!
You feel yourself moving faster!
You feel mighty! The minotaur barely misses you. The minotaur gores you!
You hit the minotaur but do no damage. Your peck misses the minotaur.
The minotaur is lightly wounded.
The minotaur hits you with the +4 mace "Ciotad" {freeze, *Rage rElec rF+ Will+}!!!
* * * LOW HITPOINT WARNING * * *
The minotaur freezes you!
* * * LOW HITPOINT WARNING * * *
The minotaur gores you but does no damage.
You hit the minotaur but do no damage. You claw the minotaur.
The minotaur is lightly wounded.
You hit the minotaur but do no damage. You claw the minotaur!
The minotaur is moderately wounded.
The minotaur hits you with the +4 mace "Ciotad" {freeze, *Rage rElec rF+ Will+}!!!
You die...

###########.........############
#...©.©.©...## #.............#
#.##.##.##.##.# #. #.##.##.##.##
. ............# #.##.##.###
##.##.##.##.### .......@......#
#.##.#H###.##.# #.###.##.#
#.#......# #.##.##.## #∩##.##.#
###.....# #.##.## ######


You could see a minotaur (berserk).

Vanquished Creatures
  A hydra (D:10)
  A hell beast (Gauntlet)
  2 boulder beetles
  A catoblepas (Lair:1)
  3 two-headed ogres
  2 tengu warriors
  Sonja (D:11)
  An orange crystal statue (Gauntlet)
  A lindwurm (D:11)
  2 deep elf pyromancers (D:11)
  4 cyclopes
  An elephant (D:9)
  Maurice (D:8)
  A black mamba (Lair:2)
  2 cane toads (Lair:1)
  Maggie (D:10)
  Psyche (D:8)
  An unseen horror (D:10)
  3 kobold demonologists (D:10)
  A komodo dragon (Lair:2)
  A tengu conjurer (Gauntlet)
  A queen bee (D:9)
  2 trolls
  A wolf spider simulacrum (D:11)
  A tarantella (Lair:2)
  9 blink frogs (Lair:1)
  A jumping spider (D:11)
  33 yaks
  A shadow (D:11)
  A wraith (D:11)
  A redback (D:11)
  2 acid dragons (D:11)
  4 water moccasins
  5 black bears
  7 orc warriors
  3 ice beasts
  2 ogres
  5 wolves (Lair:2)
  A wolf (shapeshifter) (D:11)
  6 centaurs
  2 phantoms (D:5)
  2 kobold brigands (D:10)
  6 bullfrogs
  A gnoll sergeant (D:6)
  2 necrophages
  A scorpion (D:5)
  3 wights (D:7)
  44 killer bees
  8 howler monkeys
  A lava snake (D:11)
  5 orc priests
  3 jellies
  3 hounds
  2 gnoll boudas
  6 iguanas
  5 orc wizards
  20 gnolls
  10 adders
  A shadow imp (D:7)
  A white imp (D:7)
  An ufetubus (D:4)
  2 dart slugs
  30 orcs
  6 bats
  4 endoplasms
  5 giant cockroaches
  8 hobgoblins
  7 jackals
  5 quokkas
  2 ball pythons
  3 frilled lizards
  9 goblins
  16 kobolds
  4 rats
346 creatures vanquished.

Vanquished Creatures (collateral kills)
  A rime drake (Lair:2)
  A komodo dragon (Lair:2)
  A water moccasin (Lair:2)
3 creatures vanquished.

Vanquished Creatures (others)
  9 fungi
  8 plants
17 creatures vanquished.

Grand Total: 366 creatures vanquished

Notes
Turn   | Place    | Note
-------+----------+-------------------------------------------
     0 | D:1      | robertstho the Tengu Berserker began the quest for the Orb.
     0 | D:1      | Reached XP level 1. HP: 14/14 MP: 2/2
   367 | D:1      | Reached XP level 2. HP: 19/19 MP: 3/3
   892 | D:1      | Reached XP level 3. HP: 9/23 MP: 4/4
  1217 | D:1      | Found a faded altar of an unknown god.
  1756 | D:2      | Reached ** piety under Trog
  1867 | D:2      | Reached skill level 3 in Armour
  1867 | D:2      | Reached XP level 4. HP: 29/29 MP: 5/5
  2331 | D:3      | Found an iron altar of Okawaru.
  2586 | D:3      | Gained mutation: Your magical nature lets you fly swiftly
                  | and evasively. [Tengu growth]
  2586 | D:3      | Reached XP level 5. HP: 33/33 MP: 6/6
  2598 | D:3      | Identified the +6 plate armour of Inference {rF+ Str-3
                  | Dex+6}
  2921 | D:4      | Found a staircase to the Ecumenical Temple.
  3458 | D:5      | Entered Level 5 of the Dungeon
  3490 | D:5      | Noticed a phantom
  3495 | D:5      | Killed a phantom
  3496 | D:5      | Reached skill level 5 in Polearms
  3496 | D:5      | Reached skill level 4 in Armour
  3496 | D:5      | Reached XP level 6. HP: 38/38 MP: 7/7
  3496 | D:5      | Noticed a water moccasin
  3502 | D:5      | Killed a water moccasin
  3509 | D:5      | Reached *** piety under Trog
  3999 | D:5      | Noticed a black bear
  4015 | D:5      | Killed a black bear
  4016 | D:5      | Reached skill level 5 in Armour
  4016 | D:5      | Reached XP level 7. HP: 40/44 MP: 8/8
  4053 | D:5      | Found an ancient bone altar of Kikubaaqudgha.
  4581 | D:5      | Reached skill level 6 in Armour
  4581 | D:5      | Reached XP level 8. HP: 48/48 MP: 9/9
  4640 | D:5      | Found a shimmering blue altar of Sif Muna.
  4725 | D:5      | Reached skill level 5 in Fighting
  5147 | D:5      | Found a glowing silver altar of Zin.
  5149 | D:5      | Found a shadowy altar of Dithmenos.
  5153 | D:5      | Found a white marble altar of Elyvilon.
  5411 | D:6      | Found a sacrificial altar of Ru.
  6292 | D:7      | Reached skill level 7 in Armour
  6588 | D:7      | Reached XP level 9. HP: 47/55 MP: 7/10
  6840 | D:7      | Reached skill level 8 in Armour
  7443 | D:8      | Reached **** piety under Trog
  7477 | D:8      | Reached skill level 9 in Armour
  7514 | D:8      | Noticed a two-headed ogre
  7599 | D:8      | Killed a two-headed ogre
  7600 | D:8      | Reached skill level 10 in Polearms
  7600 | D:8      | Reached XP level 10. HP: 63/63 MP: 11/11
  7806 | D:8      | Noticed Maurice
  7855 | D:8      | Killed Maurice
  7856 | D:8      | Reached skill level 10 in Armour
  7994 | D:8      | Reached skill level 1 in Unarmed Combat
  8280 | D:8      | Noticed Psyche
  8294 | D:8      | Killed Psyche
  8557 | D:9      | Found a staircase to the Lair.
  8557 | D:9      | Noticed an elephant
  8572 | D:9      | Killed an elephant
  8580 | D:9      | Reached skill level 11 in Armour
  8723 | D:9      | Found a transporter.
  8723 | D:9      | Noticed LynnLen's ghost (novice SpCj)
  8723 | D:9      | Noticed a two-headed ogre
  8729 | D:9      | Found a transporter.
  8799 | D:9      | Reached XP level 11. HP: 69/69 MP: 12/12
  8841 | D:9      | Found an opulent altar of Gozag.
  9167 | D:9      | Noticed a two-headed ogre
  9175 | D:9      | Killed a two-headed ogre
  9851 | D:10     | Entered Level 10 of the Dungeon
  9924 | D:10     | Noticed a four-headed hydra
  9933 | D:10     | Killed a four-headed hydra
  9934 | D:10     | Reached skill level 12 in Armour
  9948 | D:10     | Identified the +1 ring mail of Dice, Bag, and Bottle {Will+
                  | Dex+3}
 10004 | D:10     | Noticed a two-headed ogre
 10017 | D:10     | Killed a two-headed ogre
 10018 | D:10     | Reached skill level 10 in Fighting
 10180 | D:10     | Noticed Maggie
 10196 | D:10     | Killed Maggie
 10495 | D:10     | Noticed a cyclops
 10509 | D:10     | Killed a cyclops
 10747 | D:10     | Noticed a sun demon
 10784 | D:10     | Reached ***** piety under Trog
 11050 | D:11     | Found a staircase to the Orcish Mines.
 11061 | D:11     | Noticed a cyclops
 11084 | D:11     | Killed a cyclops
 11085 | D:11     | Reached XP level 12. HP: 78/78 MP: 10/13
 11437 | D:11     | Found Hemnais's General Store.
 11451 | D:11     | Reached skill level 13 in Armour
 11549 | D:11     | Bought a scroll of identify for 30 gold pieces
 11549 | D:11     | Bought a scroll of blinking for 112 gold pieces
 12035 | D:11     | Noticed Sonja
 12046 | D:11     | Killed Sonja
 12325 | D:11     | Found a runed translucent door.
 12355 | D:11     | Found Puthal's Weapon Emporium.
 12415 | D:11     | Noticed a tengu warrior
 12430 | D:11     | Killed a tengu warrior
 12990 | D:11     | Found a runed translucent gate.
 12994 | D:11     | Noticed a boulder beetle
 12995 | D:11     | Found a runed translucent gate.
 13001 | D:11     | Found a runed translucent gate.
 13001 | D:11     | Found a runed translucent gate.
 13001 | D:11     | Found a runed translucent gate.
 13002 | D:11     | Found a runed translucent gate.
 13060 | D:11     | Killed a boulder beetle
 13374 | Lair:1   | Entered Level 1 of the Lair of Beasts
 13452 | Lair:1   | Reached skill level 14 in Armour
 13452 | Lair:1   | Reached skill level 1 in Stealth
 13531 | Lair:1   | Noticed a boulder beetle
 13580 | Lair:1   | Killed a boulder beetle
 13842 | Lair:1   | Found a radiant altar of Vehumet.
 13906 | Lair:1   | Reached XP level 13. HP: 76/85 MP: 12/14
 14699 | Lair:2   | Found a staircase to the Shoals.
 14755 | Lair:2   | Reached skill level 15 in Armour
 14851 | Lair:2   | Found a gate leading to a gauntlet.
 14854 | Lair:2   | Found a hole to the Spider Nest.
 14882 | Gauntlet | Entered a Gauntlet
 14882 | Gauntlet | Found a transporter.
 14882 | Gauntlet | Found a transporter.
 15067 | Gauntlet | Found a transporter.
 15087 | Gauntlet | Found a transporter.
 15087 | Gauntlet | Found a transporter.
 15087 | Gauntlet | Found a transporter.
 15090 | Gauntlet | Found a transporter.
 15090 | Gauntlet | Found a transporter.
 15102 | Gauntlet | Found a transporter.
 15118 | Gauntlet | Noticed a blizzard demon
 15120 | Gauntlet | Found a transporter.
 15130 | Gauntlet | Found a transporter.
 15145 | Gauntlet | Found a transporter.
 15165 | Gauntlet | Found a transporter.
 15172 | Gauntlet | Found a runed translucent door.
 15174 | Gauntlet | Found a runed translucent door.
 15178 | Gauntlet | Found a transporter.
 15229 | Gauntlet | Identified the amulet "Teumoxt" {RegenMP rPois Str+4}
 15432 | Gauntlet | Identified the +1 pair of gloves of the Fisher {Dex+9}
 15491 | Gauntlet | Identified the +4 mace "Ciotad" {freeze, *Rage rElec rF+
                  | Will+}
 15491 | Gauntlet | Noticed a minotaur
 15501 | Gauntlet | Demolished by a minotaur

Illustrated notes

Levels and vault maps discovered:
D:1:      wheals_arrival_shading, layout_basic,
          shapermc_ecumenical_altar_hornbeckon, minmay_close_crescents
D:2:      layout_loops_ring, nrook_campfire, chequers_garden, eino_tiny_chamber
D:3:      minmay_skewed_foursquare, layout_basic, kennysheep_okawaru_gauntlet
D:4:      layout_rooms, minmay_temple_entry_statues_fountains
D:5:      layout_basic, grunt_temple_overflow_diamond,
          kiku_gazebo_garden_becter, lemuel_coloured_pillars_altar
D:6:      layout_basic, nicolae_ru_awakened_eye
D:7:      layout_cave_pods, nrook_pool_corridor
D:8:      layout_rooms, uniq_maurice, uniq_psyche
D:9:      layout_roguey, mainiacjoe_overflow_chevrons, david_lair_generic,
          gammafunk_ghost_arena, special_room [special_room_bee], hive_lemuel
D:10:     layout_cave_pods, uniq_maggie
D:11:     gammafunk_indiana_jones, layout_irregular_city, david_orc_5,
          serial_shops, nicolae_shop_crystal, nicolae_square_shop, kb_rosetta,
          uniq_sonja
Lair:1:   layout_loops_ring, basic_altar, dreamdust_mushroom_princess,
          grunt_megastairs_5
Lair:2:   layout_regular_city, shoals_dummy_entry, spider_nest_entry_rubble,
          gauntlet_entry_generic, nicolae_quartered_pool_medium, uniq_gastronok
Gauntlet: gammafunk_gauntlet_mixed_choke_point
          [minmay_gauntlet_arena_77_p_blocks,
          minmay_gauntlet_arena_77_double_cross,
          minmay_gauntlet_arena_77_cramped, nicolae_gauntlet_arena_flowing_pool,
          minmay_gauntlet_arena_77_terracotta_army,
          minmay_gauntlet_arena_77_mess, minmay_gauntlet_arena_77_two_paths,
          gauntlet_exit_green]

Skill      XL: |  1  2  3  4  5  6  7  8  9 10 11 12 13 |
---------------+----------------------------------------+-----
Polearms       | 4 5 6 8 10 12 13 | 13.4
Armour         | 3 4 5 6 7 9 11 12 14 15 | 15.3
Fighting       | 4 6 7 8 10 11 12 | 12.6
Dodging        | 3 4 |  4.4
Unarmed Combat | 2 |  2.6
Stealth        | 1 2 |  2.1
Shields        | |  0.1

Action                   |  1- 3 |  4- 6 |  7- 9 | 10-12 | 13-15 || total
-------------------------+-------+-------+-------+-------+-------++-------
Melee: Spear             |    44 |       |    67 |   738 |   184 ||  1033
       Kick              |     9 |    27 |    89 |   255 |    69 ||   449
       Peck              |    12 |    16 |    49 |   175 |    48 ||   300
       Trident           |    38 |   137 |   219 |       |       ||   394
       Punch             |       |     1 |     2 |    19 |     7 ||    29
       Unarmed           |       |       |       |    24 |       ||    24
Invok: Berserk           |     1 |     4 |     5 |    16 |     7 ||    33
       Trog's Hand       |       |       |     1 |       |     1 ||     2
       Brothers in Arms  |       |       |       |       |     3 ||     3
Evoke: Wand              |       |       |       |     1 |       ||     1
  Use: Scroll            |       |     9 |     3 |     5 |     1 ||    18
       Potion            |       |       |     1 |     2 |     1 ||     4
 Stab: Sleeping          |     1 |       |       |       |       ||     1
       Petrified         |       |       |       |       |     2 ||     2
       Petrifying        |       |       |       |       |     1 ||     1
Armor: Animal skin       |     6 |       |       |       |       ||     6
       Ring mail         |     4 |       |       |       |       ||     4
       Chain mail        |    17 |    48 |       |       |       ||    65
       Plate armour      |       |    25 |   132 |   319 |    80 ||   556
       Skin              |       |       |       |     7 |       ||     7
Dodge: Dodged            |    18 |    56 |    94 |   233 |    65 ||   466
Block: Buckler           |       |       |       |       |     7 ||     7
